 Dungeon Crawl Stone Soup version 0.22-a0-91-g23542c2 (webtiles) character file.

206 oddstar the Ducker (level 5, 0/53 HPs)
             Began as a Troll Berserker on Jan 23, 2018.
             Was a Priest of Trog.
             Slain by a gnoll
             ... wielding a +0 halberd
              (7 damage)
             ... on level 3 of the Dungeon.
             The game lasted 00:11:46 (1586 turns).

oddstar the Ducker (Troll Berserker)                Turns: 1586, Time: 00:11:47

Health: 0/53       AC:  5    Str: 26    XL:     5   Next: 53%
Magic:  4/4        EV: 11    Int:  3    God:    Trog [***...]
Gold:   101        SH:  0    Dex:  9    Spells: 4/4 levels left

rFire    . . .     SeeInvis .     - Unarmed
rCold    + . .     Gourm    +   (no shield)
rNeg     . . .     Faith    .   b - +0 animal skin
rPois    .         Spirit   .   (helmet restricted)
rElec    .         Reflect  .   (no cloak)
rCorr    .         Harm     .   (gloves unavailable)
MR       .....                  (boots unavailable)
Stlth    +.........             (no amulet)
HPRegen  0.57/turn              e - ring of protection from cold
MPRegen  0.09/turn              (no ring)

@: lethally poisoned (0 -> -1)
A: large, unfitting armour, claws 3, fast metabolism 3, gourmand, regeneration
1, shaggy fur 1, tough skin 2
a: Berserk, Trog's Hand, Burn Spellbooks, Renounce Religion


You were on level 3 of the Dungeon.
You worshipped Trog.
Trog was most pleased with you.
You were full.

You visited 1 branch of the dungeon, and saw 3 of its levels.

You collected 101 gold pieces.

Inventory:

Armour
 b - a +0 animal skin (worn)
Jewellery
 e - a ring of protection from cold (left claw)
Wands
 o - a wand of iceblast (8)
Scrolls
 a - a scroll of remove curse {unknown}
 g - a scroll of fog {unknown}
 h - a scroll of amnesia {unknown}
 j - a scroll of magic mapping {unknown}
 l - a scroll of immolation {unknown}
 m - 2 scrolls of fear {unknown}
 p - 2 scrolls of identify {unknown}
 q - a scroll of blinking {unknown}
Potions
 d - a potion of heal wounds {unknown}
 f - a potion of flight {unknown}
 i - a potion of curing {unknown}
 k - a potion of cancellation {unknown}
 n - a potion of degeneration {unknown}
Comestibles
 c - 6 rations


   Skills:
 + Level 3.3 Fighting
   Level 2.9 Axes
 + Level 3.6 Dodging
 + Level 2.6 Unarmed Combat


You had 4 spell levels left.
You didn't know any spells.

Dungeon Overview and Level Annotations

Branches:
Dungeon (3/15)

Altars:
Dithmenos


Innate Abilities, Weirdness & Mutations

You are too large for most types of armour.
You have claws for hands.
Your metabolism is lightning-fast.
You like to eat raw meat.
Your natural rate of healing is unusually fast.
You are covered in fur. (AC +1)
You have very tough skin. (AC +2)


Message History

The gnoll shouts!
The gnoll barely misses you. The gnoll closely misses you.
You claw the gnoll!
The gnoll is severely wounded.
The gnoll misses you. The gnoll closely misses you.
You claw the gnoll!
You kill the gnoll!
Trog accepts your kill.
The gnoll hits you from afar with a halberd!
* * * LOW HITPOINT WARNING * * *
The gnoll hits you but does no damage. The gnoll completely misses you.
The gnoll misses you.
Items here: ( ))) † a whip x2; a club; 13 stones; a gnoll corpse You barely miss the gnoll.
The gnoll closely misses you.
The gnoll hits you from afar with a spear of venom.
* * * LOW HITPOINT WARNING * * *
You are poisoned.
The gnoll hits you with a halberd!
You die...

#.#.. ##.#..
.#.....##
......w.#
###
.....%......
.......g#.#
....>..g.#
#....#@##
#....g).#
######..#
#..# #..#
#..# #..####
#.....#
#>........#


You could see a worm and 3 gnolls.

Vanquished Creatures
  An orc wizard (D:3)
  Jessica (D:2)
  4 gnolls (D:3)
  5 adders (D:2)
  An ooze (D:1)
  A worm (D:1)
  A leopard gecko (D:1)
  2 orcs (D:3)
  6 giant cockroaches
  8 goblins
  8 hobgoblins
  3 jackals (D:1)
  9 kobolds
  3 bats
  4 frilled lizards
  7 rats
64 creatures vanquished.

Notes
Turn   | Place    | Note
-------+----------+-------------------------------------------
     0 | D:1      | oddstar the Troll Berserker began the quest for the Orb.
     0 | D:1      | Reached XP level 1. HP: 22/22 MP: 0/0
     1 | D:1      | Found a runed door.
    37 | D:1      | Reached XP level 2. HP: 23/29 MP: 1/1
   413 | D:1      | Reached XP level 3. HP: 32/36 MP: 2/2
   559 | D:1      | Reached ** piety under Trog
   576 | D:1      | Paralysed by fainting for 11 turns
   705 | D:1      | Paralysed by fainting for 5 turns
   959 | D:2      | Reached skill level 1 in Unarmed Combat
   959 | D:2      | Reached XP level 4. HP: 32/45 MP: 3/3
  1226 | D:2      | Noticed Jessica
  1231 | D:2      | Killed Jessica
  1336 | D:2      | Found a shadowy altar of Dithmenos.
  1479 | D:3      | Reached XP level 5. HP: 50/53 MP: 4/4
  1584 | D:3      | Reached *** piety under Trog
  1586 | D:3      | Slain by a gnoll

Vault maps used:
D:1:      dpeg_arrival_caged_fury
D:2:      grunt_dithmenos_smoke, first_ration, uniq_jessica

Skill      XL: |  1  2  3  4 |
---------------+-------------+-----
Fighting       | 3 |  3.3
Dodging        | 3 |  3.6
Unarmed Combat | 1 2 |  2.6
Axes           | |  2.9

Action                   |  1- 3 |  4- 6 || total
-------------------------+-------+-------++-------
Melee: Hand axe          |    50 |       ||    50
       Unarmed           |    82 |    70 ||   152
  Eat: Chunk             |     5 |     8 ||    13
       Ration            |     1 |       ||     1
Armor: Animal skin       |    63 |    32 ||    95
Dodge: Dodged            |    93 |    56 ||   149

Table legend:
 A = Spawn XP
 B = Non-spawn XP
 C = Spawn XP percentage of total XP
 D = Spawn monster count
 E = Non-spawn monster count
 F = Spawn count percentage of total count
 G = Total turns spent on level
                    A         B        C        D         E        F      G
               +---------+---------+-------+---------+---------+-------+---------
         Total |       0 |     295 |   0.0 |       0 |      64 |   0.0 |  1586
               +---------+---------+-------+---------+---------+-------+---------
           D:1 |       0 |      62 |   0.0 |       0 |      32 |   0.0 |   941
           D:2 |       0 |     128 |   0.0 |       0 |      23 |   0.0 |   530
           D:3 |       0 |     105 |   0.0 |       0 |       9 |   0.0 |   115
               +---------+---------+-------+---------+---------+-------+---------
